[Event "Late-Titled-Tuesday-Blitz-August-29-2023"]
[Site "Chess.com"]
[Date "2023.08.29"]
[Round "2"]
[White "ShiroglanTalibov"]
[Black "GameOverBro"]
[Result "1-0"]
[WhiteElo "2833"]
[BlackElo "2462"]
[TimeControl "180+1"]
[EndTime "14:19:21 PDT"]
[Termination "ShiroglanTalibov won on time"]

1. e4 d6 2. d4 Nf6 3. Nc3 e5 4. dxe5 dxe5 5. Qxd8+ Kxd8 6. Bc4 Ke8 7. Nf3 Bd6 8. Bg5 Nbd7 9. O-O-O a6 10. Rhe1 h6 11.
Bh4 g5 12. Bg3 Nh5 13. Nd2 Nb6 14. Bb3 Be6 15. Bxe6 fxe6 16. Nf1 Nf4 17. Ne3 h5 18. f3 Bc5 19. b3 Bxe3+ 20. Rxe3 Nxg2 21. Red3 Nf4 22. R3d2 Ke7 23. Bf2 Rhd8 24. Bc5+ Ke8 25.
Rxd8+ Rxd8 26. Rg1 g4 27. fxg4 hxg4 28. Rxg4 Kf7 29.
Be3 Ng6 30. h4 Rh8 31. Bg5 Nc8 32. Ne2 Nd6 33. Ng1 Nf8 34. Nf3 Nd7 35. Be3 Rg8 36.
Rxg8 Kxg8 37. Ng5 Nf8 38. h5 Kg7 39. Kd2 Nf7 40. Nf3 Kf6 41. Kd3 b5 42. Bf2 c6 43.
Bh4+ Kg7 44. c4 Nd7 45. b4 Nb6 46. c5 Nc4 47. Bg5 Kh7 48. Bc1 Kg7 49. Ke2 Kh7 50.
Kd3 Kg7 51. a4 Kh7 52. axb5 axb5 53. Ke2 Kg7 54. Kf2 Kh7 55. Kg3 Kg7 56. Kg4 Kh7 57.
Ng5+ Nxg5 58. Kxg5 Kg7 59. h6+ Kf7 60. Kh5 Kf6 61.
Kh4 Kg6 62. Kg4 Kf6 63. Kh5 Kf7 64. Kg5 1-0

[Event "Late-Titled-Tuesday-Blitz-August-29-2023"]
[Site "Chess.com"]
[Date "2023.08.29"]
[Round "2"]
[White "zsoltkorpics"]
[Black "Athanasios2"]
[Result "0-1"]
[WhiteElo "2386"]
[BlackElo "2716"]
[TimeControl "180+1"]
[EndTime "14:19:24 PDT"]
[Termination "Athanasios2 won by checkmate"]

1. e4 c5 2. Nf3 d6 3. Nc3 Nf6 4.
e5 dxe5 5. Nxe5 Nbd7 6. d4 e6 7. Bb5 Bd6 8. Ne4 Nxe4 9. Qg4 Bxe5 10. Bxd7+ Bxd7 11. dxe5 Qa5+ 12. c3 Bc6 13. f3 O-O-O 14. fxe4 c4 15. Qf4 Qc5 16. Be3 Qb5 17. Bxa7 Qxb2 18.
O-O Rd2 19. Rab1 Qc2 20. Rbc1 Rxg2+ 21. Kh1 Qxe4 22. Qxe4 Bxe4 23. Rce1 Rg4+ 24. Rxe4 Rxe4 25. Bd4 Rf8 26. Rg1 g6 27. Rf1 b6 28. Rb1 Rd8 29.
Rxb6 Rdxd4 30. cxd4 Rxd4 31. Kg2 Kc7 32. Rb4 Rd2+ 33.
Kf3 Rc2 34. Ke3 Kc6 35. Kd4 Rxa2 36. Rxc4+ Kd7 37. h4 Rh2 38. Kc5 Rd2 39. Rf4 Rd5+ 40. Kc4 Ke7 41. Re4 Kf8 42. Re1 Kg7 43. Re4 h6 44. Re3 g5 45. h5 g4 46. Re4 g3 47.
Rg4+ Kf8 48. Rxg3 Rxe5 49. Kd4 Rxh5 50. Ke4 Ke7 51. Rg7 Kf6 52. Rg1 Rh4+ 53. Ke3 e5 54. Rg8 Kf5 55. Rg1 Rh3+ 56. Ke2 e4 57.
Rf1+ Ke6 58. Rf4 f5 59. Rf1 Ke5 60. Ra1 Rh2+ 61. Ke3 f4# 0-1

[Event "Late-Titled-Tuesday-Blitz-August-29-2023"]
[Site "Chess.com"]
[Date "2023.08.29"]
[Round "2"]
[White "Haykoooo0o"]
[Black "Cluke86"]
[Result "0-1"]
[WhiteElo "2459"]
[BlackElo "2271"]
[TimeControl "180+1"]
[EndTime "14:19:25 PDT"]
[Termination "Cluke86 won by resignation"]

1. d4 Nf6 2. Nf3 d5 3. e3 Bf5 4. Bd3 e6 5. Bxf5 exf5 6. Qd3 Qc8 7.
c4 c6 8. Bd2 dxc4 9. Qxc4 Ne4 10.
Bb4 Qe6 11. Qxe6+ fxe6 12. Bxf8 Rxf8 13. Nbd2 Nxd2 14. Kxd2 Nd7 15. Rhc1 Ke7 16. b4 Kd6 17. a4 a5 18. Rab1 b6 19. b5 c5 20. Ke2 Rac8 21. Rd1 c4 22. Kd2 h6 23. Kc3 Nf6 24. Ne5 Ne4+ 25.
Kc2 Nxf2 26. Rf1 Ne4 27. Rbc1 g5 28. Kb2 c3+ 29. Kc2 Kd5 30. Kd3 Rc7 31. Rc2 h5 32. Nc6 h4 33. Rfc1 f4 34. Rf1 Rcf7 35. Ne5 Rf5 36.
Ng6 R8f7 37. Ne5 fxe3 38. Re1 Rf8 39. Rxe3 Rf2 40. Rxe4 Rxc2 41. Nd7 Rff2 42. Nf6+ Kd6 43. Ne8+ Ke7 44. Nc7 Rfd2+ 45. Kc4 Rc1 46. Rxe6+ Kd7 47. Rc6 c2 48. Nd5 Rxg2 49. Nf6+ Ke7 50. Kd5 Rf1 51.
Ng8+ Kf7 52. Nh6+ Kg7 53. Nf5+ Rxf5+ 54. Ke4 Rf4+ 55. Ke5 Rf1 56. Rc7+ Kg6 57. Rc6+ Kh5 58. Rxc2 Rxc2 59. Kd5 Rff2 60. Kd6 Rxh2 61. d5 Rhd2 62.
Kd7 Rc3 63. d6 Rcd3 64. Kc7 Rxd6 65. Kb7 R2d4 66. Ka6 Rb4 67. Ka7 Rdd4 68. Ka6 Rxa4 69. Kb7 Rdb4 70. Kxb6 Rxb5+ 71. Kxb5 Ra1 0-1

[Event "Late-Titled-Tuesday-Blitz-August-29-2023"]
[Site "Chess.com"]
[Date "2023.08.29"]
[Round "2"]
[White "schack_vit"]
[Black "ZuraTqebuchava"]
[Result "0-1"]
[WhiteElo "2432"]
[BlackElo "2163"]
[TimeControl "180+1"]
[EndTime "14:19:25 PDT"]
[Termination "ZuraTqebuchava won by resignation"]

1. c4 e5 2. g3 Nf6 3. Bg2 Nc6 4. Nc3 Bb4 5. Nd5 Bc5 6. e3 O-O 7. Ne2 Nxd5 8. cxd5 Ne7 9. O-O d6 10. d4 exd4 11. Nxd4 Nf5 12. Nb3 Bb6 13. e4 Ne7 14. a4 a5 15. Bd2 Ng6 16. Bc3 Ne5 17. h3 Re8 18. Kh2 f6 19. Qc2 Bd7 20. Nd2 Re7 21. f4 Nf7 22. Nc4 Qe8 23. Nxb6 cxb6 24. Bd4 b5 25.
axb5 Bxb5 26. Rfc1 Bd7 27. Qb3 b5 28. Qd3 a4 29. b3 axb3 30. Qxb3 Qb8 31. Rxa8 Qxa8 32.
Ra1 Qb7 33. Ra7 Qb8 34. Qa2 Qf8 35. Ra8 Re8 36. Ra7 Bc8 37. Qa5 Re7 38. Qxb5 Rxa7 39. Bxa7 Qd8 40. Bd4 Bd7 41. Qb6 Qxb6 42. Bxb6 Bc8 43.
Bc7 Bb7 44. Bf3 Ba8 45. Bh5 Bb7 46. Bxf7+ Kxf7 47. Bxd6 Ke8 48. Bc5 Kd7 49. Kg2 Ba6 50. Kf3 Bc4 51. Ke3 Bf1 52. Kd4 Bxh3 53. e5 fxe5+ 54. fxe5 Bg2 55. Bb6 g5 56. Ba5 h5 57.
Be1 Bh1 58. Kc5 Bg2 59. Bd2 h4 60. Bxg5 h3 61. e6+ Ke8 62. d6 Bc6 63. d7+ Bxd7 64.
exd7+ Kxd7 0-1

[Event "Late-Titled-Tuesday-Blitz-August-29-2023"]
[Site "Chess.com"]
[Date "2023.08.29"]
[Round "2"]
[White "DishonorOnYourCow"]
[Black "Alexander_Moskalenko"]
[Result "0-1"]
[WhiteElo "2534"]
[BlackElo "2829"]
[TimeControl "180+1"]
[EndTime "14:19:26 PDT"]
[Termination "Alexander_Moskalenko won on time"]

1. d4 b6 2. c4 Bb7 3. Nf3 e6 4. g3 f5 5. Bg2 Bb4+ 6. Nbd2 Nf6 7. O-O Bxd2 8. Bxd2 O-O 9. b4 Be4 10. Qb3 d6 11. Bc3 Nbd7 12. Nd2 Bxg2 13. Kxg2 Qe8 14.
Rae1 Ne4 15. f3 Nxd2 16. Bxd2 Qg6 17. Qd3 e5 18. e4 fxe4 19. Qxe4 Qxe4 20. Rxe4 exd4 21.
Rxd4 Rae8 22. Re1 Rxe1 23. Bxe1 Re8 24. Kf2 Ne5 25. Bc3 a6 26. Re4 Kf7 27. Kg2 g6 28. c5 bxc5 29. bxc5 Nd3 30. Rxe8 Kxe8 31. cxd6 cxd6 32. f4 Ke7 33. Kf3 Ke6 34. Ke4 Nf2+ 35. Kf3 Nd3 36. Ke4 Nc5+ 37. Kd4 Nd7 38. Kc4 h5 39. Kb4 Nc5 40. Bd4 Kd5 41. Bg1 Kc6 42.
h3 Ne4 43. g4 hxg4 44. hxg4 Nf6 45. g5 Nd5+ 46. Ka5 Kb7 47. Bh2 Ne3 48. Bg1 Nf5 49.
Bf2 d5 50. a3 Kc6 51. Kxa6 d4 52. a4 d3 53. Be1 Nd4 54. a5 Nf3 55. Bc3 d2 56.
Bxd2 Nxd2 57. Ka7 Ne4 58. f5 gxf5 59. g6 Nf6 60. a6 Kc7 61. Ka8 f4 62. g7 f3 63.
g8=Q Nxg8 64. a7 Kd7 65. Kb8 f2 66. a8=Q f1=Q 67. Qa7+ Ke8 68. Qa4+ Kf8 69. Qb4+ Ne7 0-1

[Event "Late-Titled-Tuesday-Blitz-August-29-2023"]
[Site "Chess.com"]
[Date "2023.08.29"]
[Round "2"]
[White "HrvojeZagreb"]
[Black "komogro"]
[Result "1/2-1/2"]
[WhiteElo "2270"]
[BlackElo "2468"]
[TimeControl "180+1"]
[EndTime "14:19:31 PDT"]
[Termination "Game drawn by repetition"]

1. f4 d5 2. b3 Nf6 3. Bb2 c5 4. e3 Nc6 5. Bb5 Qc7 6. Nf3 Bg4 7. O-O e6 8. d3 Bd6 9. Qe1 Bxf3 10. Rxf3 O-O-O 11. Bxc6 Qxc6 12. Be5 Qc7 13. Qc3 d4 14. exd4 Nd5 15.
Bxd6 Rxd6 16. Qc4 cxd4 17. Qxc7+ Kxc7 18. Na3 Nc3 19. Nc4 Rd5 20. a4 b6 21. Re1 a6 22.
Re5 Rhd8 23. f5 b5 24. fxe6 fxe6 25. axb5 axb5 26. Rxd5 exd5 27. Ne5 Re8 28. Rf7+ Kd6 29.
Nf3 Re2 30. Rxg7 Rxc2 31. h4 h5 32. Nxd4 Rd2 33. Rg3 b4 34. Kh2 Kc5 35. Ne6+ Kd6 36.
Nf4 Ne2 37. Nxe2 Rxe2 38. Rg5 Rb2 39. Rxh5 Rxb3 40. Rh8 Rxd3 41. h5 b3 42. Rb8 Re3 43.
h6 Re6 44. Rxb3 Rxh6+ 45. Kg3 Kc5 46. Kf2 Kc4 47. Rb7 d4 48. Rc7+ Kd3 49. g4 Rf6+ 50. Kg3 Ke2 51. g5 Rf1 52. Kg4 d3 53. Re7+ Kd1 54.
g6 d2 55. Rd7 Kc1 56. Rc7+ Kb1 57. Rb7+ Kc2 58. Rc7+ Kd3 59. Rd7+ Ke2 60. Kh5 Rh1+ 61. Kg5 Rg1+ 62. Kf6 Rg3 63. Rxd2+ Kxd2 64. g7 Ke3 65. Kf7 Rf3+ 66. Ke8 Rg3 67. Kf8 Rf3+ 68. Ke8 Rg3 69. Kf8 Rf3+ 70. Ke8 1/2-1/2

[Event "Late-Titled-Tuesday-Blitz-August-29-2023"]
[Site "Chess.com"]
[Date "2023.08.29"]
[Round "2"]
[White "sergoy"]
[Black "Alexei_Gubajdullin"]
[Result "1-0"]
[WhiteElo "2961"]
[BlackElo "2618"]
[TimeControl "180+1"]
[EndTime "14:19:33 PDT"]
[Termination "sergoy won by resignation"]

1. d4 Nf6 2. c4 g6 3. Nf3 Bg7 4. g3 O-O 5. Bg2 d6 6. O-O Nbd7 7. Nc3 e5 8. e4 c6 9. h3 Re8 10. d5 Nc5 11. Re1 a5 12. b3 Bd7 13. a4 Qb6 14. Rb1 Qc7 15. Ba3 Bf8 16. Bf1 Na6 17. Qd2 Red8 18.
Rbd1 Be8 19. Qe3 Nd7 20. Nd2 Ndc5 21. Rc1 Nb4 22. h4 h5 23. Bxb4 axb4 24. Na2 Qb6 25. Nf3 f6 26. Rb1 Kh7 27. Qd2 Na6 28. Nc1 Bh6 29.
Qc2 Rac8 30. Nd3 cxd5 31. exd5 Bd7 32. Nd2 Bxd2 33. Qxd2 Bf5 34. Rbd1 Bxd3 35. Bxd3 Nc5 36. Bc2 f5 37. Qg5 Qc7 38. g4 hxg4 39. h5 e4 40.
hxg6+ Kg7 41. Kg2 Rh8 42. Rh1 Qd7 43. Rh7+ Rxh7 44. gxh7+ Kh8 45. Qf6+ Qg7 46. Qxd6 f4 47. Qxf4 Rf8 48. Qg3 Rf3 49. Qb8+ Rf8 50. Qd6 Qf7 51. Qe5+ Kxh7 52. Bxe4+ Kg8 53. Qg5+ Qg7 54. Qxg7+ Kxg7 55. Bc2 Rf3 56. d6 Nd7 57. Be4 Rxb3 58. Bxb7 Rc3 59. Bc8 Nc5 60. d7 Ne6 61. d8=Q Nxd8 62. Rxd8 Rxc4 63.
Bf5 Kf6 64. Rf8+ Ke5 65. a5 b3 66. a6 Ra4 67. Bd3 b2 68. Rb8 Kd4 69. Bf5 Kc3 70. Ra8 Kd2 71. a7 Kc1 72. Rc8+ Kd2 73. a8=Q Rxa8 74.
Rxa8 1-0

[Event "Late-Titled-Tuesday-Blitz-August-29-2023"]
[Site "Chess.com"]
[Date "2023.08.29"]
[Round "2"]
[White "Goffredo_Fofi"]
[Black "Matibar"]
[Result "0-1"]
[WhiteElo "2541"]
[BlackElo "2846"]
[TimeControl "180+1"]
[EndTime "14:19:34 PDT"]
[Termination "Matibar won by resignation"]

1. d4 Nf6 2. c3 d6 3. Bg5 Nbd7 4.
Nd2 h6 5. Bh4 e5 6. e3 Be7 7. Bd3 c6 8. Ngf3 e4 9. Bxf6 exf3 10.
Bxe7 fxg2 11. Rg1 Qxe7 12. Rxg2 g6 13. Qf3 Nf6 14. Ne4 Nxe4 15. Qxe4 Qxe4 16. Bxe4 Be6 17. h4 Kd7 18. Kd2 Rae8 19. Bd3 c5 20. e4 Kc7 21. Rgg1 Bd7 22. f4 b5 23. Rae1 a6 24. a3 Rhg8 25. Rg3 Rgf8 26. Reg1 Re7 27. f5 gxf5 28. exf5 f6 29. Rg7 Rff7 30. Rxf7 Rxf7 31. Rg8 c4 32. Be4 Re7 33. Bc2 Bc6 34. Rg6 Bf3 35. Bd1 Be4 36. Rxf6 Rg7 37. Rg6 Rxg6 38. fxg6 Bxg6 39. Ke3 Kd7 40. Bf3 a5 41. Kf4 Ke7 42.
Bc6 Bc2 43. Bxb5 Bb3 44. Bc6 Kf6 45. Be4 Ke6 46. Bf5+ Kf6 47. Bg4 Bc2 48. Bf3 Bd3 49. Ke3 Ke6 50. Be2 Bxe2 51. Kxe2 Kf5 52. Kf3 a4 53. Kg3 h5 54. d5 Ke5 55. Kf3 Kf5 56. Kg3 Ke4 57. Kh3 Kxd5 58. Kg3 Ke4 59. Kf2 d5 60. Ke2 Kf4 61. Kd2 Kg4 62. Ke3 Kxh4 63. Kd4 Kg3 64. Kxd5 h4 65. Kxc4 h3 66. Kb4 h2 67. c4 h1=Q 68. c5 Qb7+ 69. Kxa4 Qxb2 70. Ka5 Qb7 71. a4 Kf4 72. c6 Qa7+ 73. Kb5 Ke5 74. a5 Kd6 75. a6 Kc7 76. Kb4 Qxa6 77. Kc5 Qxc6+ 78. Kd4 Qe6 0-1

[Event "Late-Titled-Tuesday-Blitz-August-29-2023"]
[Site "Chess.com"]
[Date "2023.08.29"]
[Round "2"]
[White "roxannyzoldyck"]
[Black "RCone"]
[Result "0-1"]
[WhiteElo "2188"]
[BlackElo "2454"]
[TimeControl "180+1"]
[EndTime "14:19:37 PDT"]
[Termination "RCone won by resignation"]

1. e4 d6 2. d4 Nf6 3. Nc3 g6 4.
Be3 c6 5. f3 b5 6. Qd2 Nbd7 7.
O-O-O Nb6 8. Kb1 b4 9. Nce2 Nc4 10. Qc1 Nxe3 11. Qxe3 a5 12. h4 h5 13. Nh3 Bxh3 14.
gxh3 a4 15. f4 d5 16. Bg2 dxe4 17. Bxe4 Nxe4 18. Qxe4 Qd5 19. Qe5 Qxe5 20. fxe5 e6 21. Rhf1 Be7 22. Ng3 Bxh4 23. Ne4 Be7 24. c3 bxc3 25.
bxc3 O-O 26. Kc2 Rab8 27. Rb1 Kg7 28. c4 Rfd8 29. Kc3 g5 30. Rg1 Kg6 31. Rxb8 Rxb8 32. Nxg5 Bxg5 33. h4 f6 34. exf6 Kxf6 35. Rxg5 a3 36. Ra5 Rb2 37. Rxa3 Rh2 38. Ra5 Rxh4 39. Re5 Rh2 40. a4 h4 41. a5 h3 42. Rh5 Ra2 43.
Kb4 h2 44. a6 Kg6 45. Rh8 Rxa6 46. Rxh2 Kf5 47. Kc5 Ke4 48. Re2+ Kf5 49. Kd6 Ra4 50. Kc5 Kf6 51. Rc2 Ra6 52. Rf2+ Ke7 53. d5 cxd5 54.
cxd5 Ra5+ 55. Kc4 Rxd5 56. Rf4 Kd6 57. Kc3 Rh5 58. Rc4 e5 59. Kb4 Kd5 60. Rc5+ Kd4 61. Rc4+ Ke3 62. Kc3 e4 63. Ra4 Rd5 64. Ra1 Kf2 65.
Ra2+ Kf3 66. Ra1 e3 67. Rf1+ Kg2 68. Rh1 Kxh1 69. Kc4 e2 0-1

[Event "Late-Titled-Tuesday-Blitz-August-29-2023"]
[Site "Chess.com"]
[Date "2023.08.29"]
[Round "2"]
[White "scandalgod"]
[Black "larsmandreassen"]
[Result "1-0"]
[WhiteElo "2469"]
[BlackElo "2238"]
[TimeControl "180+1"]
[EndTime "14:19:38 PDT"]
[Termination "scandalgod won on time"]

1. d4 d5 2. c4 e6 3. Nf3 c5 4.
cxd5 exd5 5. Nc3 Nf6 6. g3 Be6 7. Bg2 Nc6 8. O-O Be7 9. dxc5 Bxc5 10. Bg5 O-O 11. Bxf6 Qxf6 12. Nxd5 Qxb2 13. Nc7 Rad8 14. Qc1 Qxc1 15. Raxc1 Bb6 16. Nxe6 fxe6 17. e3 Rd7 18.
Ng5 Nd8 19. Rfd1 Rxd1+ 20. Rxd1 h6 21. Ne4 Rf7 22. Bh3 Re7 23. Kf1 Nf7 24. Ke2 Ne5 25. Rd6 Kf7 26. Rd2 Nc4 27. Rc2 Na5 28. Rc8 Rd7 29. Bg2 Nc6 30. Nc3 Rd8 31. Rxd8 Nxd8 32.
Kd3 Bc7 33. Nb5 Bb8 34. Nd4 a6 35. f4 g5 36. Nb3 Ke7 37. Nc5 Nc6 38. Nxb7 Nb4+ 39.
Kc4 Nxa2 40. Nc5 Nc1 41. Nxa6 Ba7 42. Nc5 Ne2 43. Kd3 Nc1+ 44. Kc4 Na2 45. e4 Bxc5 46. Kxc5 Nc3 47. Kd4 Ne2+ 48. Ke3 Nc1 49. Bf3 Nb3 50. fxg5 hxg5 51. h4 gxh4 52. gxh4 Kf6 53. Kf4 Nd4 54. e5+ Kg6 55. Bg4 Nc6 56. Ke4 Kf7 57. Kf4 Nd4 58. h5 Nc6 59. Bf3 Nd4 60. Be4 Nb5 61. Kg5 Kg7 62. h6+ Kh8 63. Kf6 Nd4 64. Bg6 Kg8 65.
h7+ Kh8 66. Kf7 Nc6 67. Kxe6 Nd4+ 68. Kf6 Nf3 69. e6 Nd4 70. e7 1-0

[Event "Late-Titled-Tuesday-Blitz-August-29-2023"]
[Site "Chess.com"]
[Date "2023.08.29"]
[Round "2"]
[White "Beltraxtor"]
[Black "BrandonJacobson"]
[Result "1/2-1/2"]
[WhiteElo "2646"]
[BlackElo "3004"]
[TimeControl "180+1"]
[EndTime "14:19:46 PDT"]
[Termination "Game drawn - insufficient material"]

1. e4 c5 2. Nf3 d6 3. c3 Nf6 4. h3 Nc6 5. Bd3 e5 6. Bc2 d5 7. exd5 Qxd5 8. Qe2 Be7 9. d3 Bf5 10. Nbd2 Rd8 11. Nc4 e4 12. dxe4 Bxe4 13. Bxe4 Qxe4 14.
Qxe4 Nxe4 15. O-O O-O 16. Re1 f5 17. a4 Bf6 18. Be3 b6 19. Rad1 Kf7 20. Kf1 g5 21.
Nfd2 Nxd2+ 22. Bxd2 f4 23. Bc1 Kg6 24. Ke2 Ne7 25.
Rxd8 Rxd8 26. Rd1 Rxd1 27. Kxd1 Kf5 28. Ke2 Ke4 29. Bd2 Kd5 30. Kd3 Ng6 31. g3 Be5 32.
Be1 h5 33. b3 g4 34. hxg4 hxg4 35. Nd2 f3 36. Nc4 Ke6 37. Ne3 Ne7 38. Nxg4 Bg7 39. Ne3 Nc6 40. Nc4 Kd5 41. Ke3 Bf6 42. Kxf3 Bd8 43. Kf4 Bc7+ 44. Kf5 a6 45. Ne3+ Kd6 46.
f4 b5 47. axb5 axb5 48. g4 Na5 49. b4 Nc6 50. bxc5+ Kxc5 51. g5 Ne7+ 52. Ke6 Bxf4 53. Bf2 Bxg5 54. Nf5+ Kc4 55. Nxe7 Kxc3 56. Nd5+ Kc4 57.
Be1 Bd8 58. Ne3+ Kd3 59. Nd5 Kd4 60. Nb4 Kc4 61. Nc6 Bg5 62. Kd6 Be3 63. Bb4 Bf4+ 64. Kd7 Bh2 65. Bf8 Kd5 66. Ne7+ Kc4 67. Nc6 Bg3 68. Na7 b4 69. Bxb4 Kxb4 1/2-1/2

[Event "Late-Titled-Tuesday-Blitz-August-29-2023"]
[Site "Chess.com"]
[Date "2023.08.29"]
[Round "2"]
[White "Byniolus"]
[Black "santosalberto1987"]
[Result "1-0"]
[WhiteElo "2871"]
[BlackElo "2552"]
[TimeControl "180+1"]
[EndTime "14:19:48 PDT"]
[Termination "Byniolus won by checkmate"]

1. d4 d5 2. Bf4 Nf6 3. e3 c5 4. c3 Nc6 5. Nd2 Qb6 6. Qb3 c4 7.
Qc2 Bg4 8. b3 cxb3 9. Qxb3 Qxb3 10. axb3 e6 11. h3 Bh5 12. b4 Be7 13. Be2 Bxe2 14.
Nxe2 O-O 15. Nb3 Rfc8 16. f3 Ne8 17. Kd2 Nd6 18. Bxd6 Bxd6 19. Ra2 a6 20. Rha1 Rab8 21. Nc5 Bxc5 22. bxc5 Na7 23. Nf4 g5 24. Nd3 Nb5 25. Ne5 Rc7 26. Rb2 f6 27. Nd3 Rbc8 28. Ra5 Kf7 29.
e4 Na7 30. Ra1 Rd7 31. Ke3 Nc6 32. Nb4 Nxb4 33. Rxb4 e5 34. Rab1 exd4+ 35. cxd4 dxe4 36. fxe4 Rcc7 37. d5 Rxc5 38. Rxb7 Ke7 39. Kd4 Rc2 40. Rxd7+ Kxd7 41. Rb7+ Kd8 42. Rxh7 Rxg2 43. Kc5 Re2 44. Rh8+ Kd7 45. Rh7+ Ke8 46. Ra7 Rxe4 47. Rxa6 Kf7 48. Ra7+ Ke8 49. Kd6 Re3 50. Ra8+ Kf7 51. Rh8 Kg7 52. Rb8 Rxh3 53. Rb7+ Kg6 54. Kc6 Rc3+ 55. Kd7 Rd3 56. d6 g4 57. Rb4 f5 58. Ke6 Kg5 59.
d7 f4 60. Rb5+ Kh4 61. Rd5 Re3+ 62. Kd6 f3 63. d8=Q+ Kg3 64. Qg5 Re2 65. Rd4 Kf2 66. Qxg4 Ke1 67. Qh4+ f2 68. Rf4 Rd2+ 69. Ke6 Re2+ 70.
Kf5 Kd2 71. Qh1 Ke3 72. Qe4+ Kd2 73. Qd4+ Ke1 74. Qa1+ Kd2 75. Qb2+ Ke3 76. Qc3# 1-0

[Event "Late-Titled-Tuesday-Blitz-August-29-2023"]
[Site "Chess.com"]
[Date "2023.08.29"]
[Round "2"]
[White "Apocalyps999"]
[Black "Fh2411"]
[Result "0-1"]
[WhiteElo "2331"]
[BlackElo "2632"]
[TimeControl "180+1"]
[EndTime "14:19:49 PDT"]
[Termination "Fh2411 won by checkmate"]

1. e4 c6 2. c4 e5 3. Nf3 d6 4. d4 Nd7 5. Nc3 Ngf6 6. Be3 Be7 7. h3 O-O 8. Be2 a6 9. d5 c5 10. Nd2 Ne8 11. f3 Bh4+ 12. Kf1 f5 13. exf5 Rxf5 14. Nde4 Nf8 15. g3 Be7 16. Kg2 Rf7 17. a3 h6 18. b4 b6 19. Qb3 Nf6 20. Rab1 Nxe4 21.
Nxe4 Bf5 22. bxc5 bxc5 23. Qb6 Bxe4 24. fxe4 Bg5 25. Qxd8 Rxd8 26. Bxg5 hxg5 27. Rb6 Nh7 28. Bg4 Ra7 29. Rhb1 Nf6 30. Bf5 a5 31. Rb7 Rda8 32. Rxa7 Rxa7 33. a4 Kf7 34. Rb6 Ke7 35. h4 gxh4 36. gxh4 Nh5 37. Kf3 Nf4 38. Rb8 g6 39.
Bg4 Nd3 40. Rg8 Kf6 41. h5 gxh5 42. Bxh5 Nf4 43. Bg4 Rb7 44. Rh8 Rb3+ 45. Kf2 Rb4 46. Bd1 Rxc4 47. Rd8 Ke7 48. Ra8 Rxe4 49. Rxa5 Nxd5 50.
Bf3 Rf4 51. Kg3 Nb4 52. Ra7+ Kf6 53. Rh7 Rd4 54. a5 Rd3 55. Kf2 Ra3 56. Rh6+ Ke7 57. Rh7+ Kf6 58. Ra7 d5 59. Rc7 e4 60. Be2 Rxa5 61.
Rh7 Ke5 62. Rh5+ Kd4 63. Rh4 Ra2 64. Rh5 Nd3+ 65. Kf1 c4 66. Bxd3 cxd3 67. Ke1 Ra1+ 68. Kd2 e3# 0-1

[Event "Late-Titled-Tuesday-Blitz-August-29-2023"]
[Site "Chess.com"]
[Date "2023.08.29"]
[Round "2"]
[White "Zhigalko_Sergei"]
[Black "Fan_Of_Chucky"]
[Result "1-0"]
[WhiteElo "2930"]
[BlackElo "2513"]
[TimeControl "180+1"]
[EndTime "14:19:55 PDT"]
[Termination "Zhigalko_Sergei won on time"]

1. e4 c5 2. Nf3 a6 3. c3 d5 4. exd5 Qxd5 5. d4 Nf6 6. Be3 cxd4 7.
cxd4 e6 8. Nc3 Qd8 9. Bd3 Nc6 10. O-O Be7 11. Qe2 O-O 12. Rad1 Nb4 13. Bb1 Nbd5 14.
Ne5 b5 15. Bg5 Bb7 16. Rfe1 h6 17. Bh4 Rc8 18. Qd3 Nb4 19. Qh3 Nfd5 20. Bxe7 Qxe7 21. Ne4 Rfd8 22. Nc5 Ba8 23. a3 Nc6 24. Qd3 Nf6 25. Nxc6 Rxc6 26. b4 Rcd6 27. Qe3 Nd5 28. Qg3 Nf6 29. h3 Bc6 30. Qe3 Nd5 31. Qg3 Nf6 32.
Rd3 Rxd4 33. Rxd4 Rxd4 34. Nxa6 Qd6 35. Qxd6 Rxd6 36. Nc5 Nd7 37. Nxd7 Bxd7 38. f3 Kf8 39. Kf2 Rd2+ 40. Re2 Rd1 41. Bc2 Ra1 42. Re3 Ra2 43. Rc3 Ke7 44. Ke3 Kd6 45. g4 f5 46. h4 fxg4 47. fxg4 e5 48. g5 hxg5 49. hxg5 Bc6 50. Rd3+ Kc7 51. Rc3 Kd6 52. Be4 Bxe4 53. Kxe4 Re2+ 54.
Kf5 Rg2 55. Rd3+ Ke7 56. Rd5 Rf2+ 57. Kg6 Ke6 58. Rxb5 Rg2 59. Rb6+ Kd5 60. Rb7 e4 61. Rxg7 e3 62. Re7 e2 63. a4 Kd4 64. a5 Kd3 65. a6 Rg4 66. b5 Re4 67. Rxe4 Kxe4 68. a7 e1=Q 69. a8=Q+ Kf4 70. Qf8+ Kg4 71. Qf5+ Kh4 72. b6 Qb4 73. Qf6 Qb1+ 74. Kg7 Qb4 75. g6+ Kh5 76. Kg8 Qb3+ 77. Qf7 Qxb6 78. g7+ 1-0

[Event "Late-Titled-Tuesday-Blitz-August-29-2023"]
[Site "Chess.com"]
[Date "2023.08.29"]
[Round "2"]
[White "JerMorGurgeh"]
[Black "azikom"]
[Result "0-1"]
[WhiteElo "2413"]
[BlackElo "2695"]
[TimeControl "180+1"]
[EndTime "14:19:55 PDT"]
[Termination "azikom won on time"]

1. d4 d5 2. Nf3 Bf5 3. c4 e6 4. Qb3 Nc6 5. c5 Rb8 6. Bf4 Nf6 7. e3 a6 8. Qa4 Nd7 9. b4 Be7 10. h3 O-O 11. Nc3 Bf6 12. Rd1 h6 13. Be2 Re8 14. Qb3 Ra8 15. a4 a5 16. b5 Nb4 17. Rd2 c6 18. Na2 Nxa2 19. Qxa2 e5 20. dxe5 Nxe5 21. O-O Nxf3+ 22. Bxf3 Bc3 23. Rdd1 Bb4 24.
Bd6 Be4 25. Bxe4 Rxe4 26. Rd4 Qe8 27. b6 Rxd4 28. exd4 Qe4 29. Qb2 Re8 30. Rd1 Qe2 31. Qb3 Re4 32. Qd3 Qxd3 33. Rxd3 f5 34. f3 Re2 35.
Kf1 Re1+ 36. Kf2 Kf7 37. Re3 Rxe3 38. Kxe3 g6 39. g4 Ke6 40. Bf4 h5 41. gxh5 gxh5 42. h4 Ba3 43. Bg3 Bc1+ 44. Kd3 Bh6 45. Be1 Bf4 46.
Bxa5 Bg3 47. Bd2 Bxh4 48. a5 Kd7 49. Bf4 Kc8 50. Ke3 Bf6 51. Be5 Bg5+ 52. f4 Bh4 53. Kf3 Be1 54. Kg2 Bxa5 55. Kh3 Be1 56. Bf6 Kd7 57.
Be5 Bf2 58. Kg2 Be1 59. Kh3 Ke6 60. Kg2 Bh4 61. Kh3 Be7 62. Kg2 Bh4 63. Kh3 Be1 64.
Kg2 h4 65. Kh3 Bg3 66. Bc7 Kf7 67. Be5 Kg6 68. Bd6 Kh5 69. Be5 Bf2 70. Bf6 Be3 71. Be5 Bd2 72. Bd6 Bc1 73. Be5 Be3 0-1

[Event "Late-Titled-Tuesday-Blitz-August-29-2023"]
[Site "Chess.com"]
[Date "2023.08.29"]
[Round "2"]
[White "Iball95"]
[Black "guillembaches"]
[Result "0-1"]
[WhiteElo "2758"]
[BlackElo "2453"]
[TimeControl "180+1"]
[EndTime "14:20:11 PDT"]
[Termination "guillembaches won by checkmate"]

1. e4 d5 2. exd5 Qxd5 3. Nc3 Qa5 4. d4 Nf6 5. Nf3 Bf5 6. Bc4 e6 7. Ne5 Nbd7 8. Nxd7 Nxd7 9. O-O c6 10. Re1 Be7 11.
Bd2 Qc7 12. Bb3 O-O 13. h3 Nf6 14. Qf3 Rad8 15. Be3 Bg6 16. Ne2 Be4 17. Qg3 Qxg3 18. Nxg3 Bg6 19. c3 Nd5 20. Bc1 Bd6 21. Ne4 Bf4 22.
Bxd5 cxd5 23. Nc5 Bxc1 24. Rexc1 b6 25. Na6 f6 26. a4 Bd3 27. Nb4 Bc4 28. a5 Ra8 29. f4 Kf7 30. Re1 g6 31. Kf2 h5 32.
g4 hxg4 33. hxg4 Rh8 34. a6 Bb5 35. Rh1 Bd7 36. Kg3 Kg7 37. g5 Bb5 38. Rae1 Kf7 39.
Rc1 Ke7 40. Kf2 fxg5 41. fxg5 Rhf8+ 42. Kg3 Rf5 43. Rh7+ Kd6 44. Kh4 Raf8 45. Rxa7 Rf3 46. Rg1 Be2 47. Rh7 R8f4+ 48. Rg4 Rxg4+ 49. Kxg4 Rf7+ 50. Kg3 Rxh7 51. Kf2 Bc4 52. Ke3 Ra7 53. Kd2 Bxa6 54. Nc2 Bc4 55. Ne3 Rf7 56. Kc2 Rf3 57. Ng4 Rf5 58. Nh6 b5 59. b3 Be2 60. Kd2 Bh5 61. Kc2 Ke7 62. Ng8+ Kf7 63. Nh6+ Kg7 64. Nxf5+ gxf5 65. c4 bxc4 66. bxc4 dxc4 67. Kc3 Bf3 68. Kd2 Bd5 69. Ke3 Kg6 70. Kf4 c3 71. Ke3 c2 72. Kd2 Kxg5 73. Kxc2 Kg4 74. Kd3 Kg3 75.
Ke2 f4 76. Kf1 f3 77. Kg1 f2+ 78. Kf1 Bc4# 0-1

[Event "Late-Titled-Tuesday-Blitz-August-29-2023"]
[Site "Chess.com"]
[Date "2023.08.29"]
[Round "2"]
[White "Karina_Ivanova"]
[Black "JoseRemolar"]
[Result "1-0"]
[WhiteElo "2317"]
[BlackElo "2480"]
[TimeControl "180+1"]
[EndTime "14:20:14 PDT"]
[Termination "Karina_Ivanova won by resignation"]

1. d4 Nf6 2. Nf3 g6 3. g3 Bg7 4.
Bg2 O-O 5. O-O d6 6. c4 Nc6 7. Nc3 a6 8. d5 Na5 9. b3 Rb8 10. Bb2 c5 11. dxc6 Nxc6 12. Nd4 Bd7 13. Nxc6 Bxc6 14.
Bxc6 bxc6 15. Qc2 Qd7 16. Ne4 Nxe4 17. Bxg7 Kxg7 18. Qxe4 c5 19. Rad1 Qe6 20. Qxe6 fxe6 21. f3 a5 22. Rd3 Rb4 23. Rc1 Ra8 24. Rcc3 a4 25. Kf2 axb3 26. axb3 Ra2 27. h4 h5 28. g4 Rb2 29. gxh5 gxh5 30. Re3 Kf6 31. Kg3 e5 32. f4 exf4+ 33. Kxf4 e5+ 34. Ke4 Ke6 35. Rcd3 Ra2 36. Kf3 Rb2 37. Ke4 Rb1 38. Rg3 Re1 39. Rg6+ Kf7 40.
Rgxd6 Rxe2+ 41. Kf5 Rf2+ 42. Kxe5 Re2+ 43. Kf5 Rf2+ 44.
Ke5 Rb8 45. Rd7+ Ke8 46. Rh7 Rb6 47. Kd5 Rf5+ 48. Ke4 Rbf6 49. Rdd7 Rf4+ 50. Ke5 R4f5+ 51. Ke4 Rf4+ 52. Kd3 Rf3+ 53. Kc2 Rf2+ 54. Rd2 R2f5 55. Rh8+ Kf7 56. Rhd8 Re6 57. R8d7+ Kg6 58. R7d6 Kf6 59. Rxe6+ Kxe6 60. Re2+ Kf6 61. Rd2 Rf4 62. Rd5 Rxh4 63. Rxc5 Rh2+ 64. Kc3 h4 65. Rc8 h3 66. Rh8 Kg7 67.
Rh4 Kg6 68. c5 Kg5 69. Rh8 Kg4 70. b4 Rh1 71. Kc4 Rc1+ 72. Kb5 Kg3 73. c6 h2 74. Kb6 Rc4 75. Rxh2 Kxh2 76. b5 Kg3 77. c7 Kf4 78. Kb7 Ke5 79. c8=Q Rxc8 80. Kxc8 Kd6 81. Kb7 Kc5 82. b6 Kd6 83. Ka7 Kc6 84. b7 Kc7 85. b8=Q+ Kc6 86. Qb6+ 1-0